[Event "ICC tourney 2313 (120 10)"]
[Site "Internet Chess Club"]
[Date "2021.01.17"]
[Round "3"]
[White "charmingraven"]
[Black "oxdidi"]
[Result "1-0"]
[ICCResult "Black checkmated"]
[WhiteElo "926"]
[BlackElo "959"]
[Opening "Scotch: Schmidt variation"]
[ECO "C45"]
[NIC "SO.04"]
[Time "11:04:13"]
[PlyCount "79"]
[TimeControl "7200+10"]

1. e4 e5 2. Nf3 Nc6 3. d4 exd4 4. Nxd4 Nf6 5. Nc3 Bc5 6. Be3 Bb4 7. Bd3
Nxd4 8. Bxd4 O-O 9. O-O Re8 10. Re1 c5 11. Bxf6 Qxf6 12. Qd2 Bxc3 13. bxc3
d6 14. Bb5 Rd8 15. Rad1 Qg6 16. Kh1 a6 17. Bc4 b5 18. Bf1 Bb7 19. e5 d5 20.
Bd3 Qg4 21. h3 Qe6 22. Qg5 d4 23. Qh5 g6 24. Qh6 dxc3 25. Ra1 c4 26. Bf1
Qf5 27. Rac1 Qxf2 28. e6 fxe6 29. Rxe6 Rd2 30. Qg5 Rxc2 31. Rce1 Qf5 32.
Re8+ Rxe8 33. Rxe8+ Kg7 34. Qe7+ Qf7 35. Qe5+ Kh6 36. Qe3+ g5 37. Re6+ Kh5
38. Be2+ Rxe2 39. Qxe2+ Kh4 40. Qg4# { Black checkmated } 1-0

[Event "ICC tourney 2313 (120 10)"]
[Site "Internet Chess Club"]
[Date "2021.01.17"]
[Round "3"]
[White "DanielGuan"]
[Black "SMILERG"]
[Result "1/2-1/2"]
[ICCResult "Game drawn by repetition"]
[WhiteElo "1291"]
[BlackElo "1247"]
[Opening "King's Indian: 5.Nf3"]
[ECO "E90"]
[NIC "KI.22"]
[Time "11:04:02"]
[PlyCount "113"]
[TimeControl "7200+10"]

1. d4 Nf6 2. c4 g6 3. Nc3 Bg7 4. e4 d6 5. Nf3 Nbd7 6. Bd3 O-O 7. O-O e5 8.
Bd2 Ne8 9. d5 Nc5 10. Be2 f5 11. Bg5 Nf6 12. exf5 Bxf5 13. Nh4 Bd7 14. b4
h6 15. Nxg6 Rf7 16. Be3 Nce4 17. Nxe4 Nxe4 18. Qc2 Bf5 19. Bd3 Bxg6 20.
Bxe4 Bh5 21. Rac1 Qh4 22. Bg6 Rf6 23. Bxh5 Qxh5 24. Qe4 Rg6 25. c5 Rg4 26.
Qf3 Rf8 27. Qd1 Qh3 28. g3 h5 29. Rb1 h4 30. Qe2 hxg3 31. fxg3 Rf6 32. Rxf6
Bxf6 33. Rf1 Bh4 34. Qg2 Qxg2+ 35. Kxg2 Be7 36. Rb1 Rc4 37. cxd6 Bxd6 38.
Rb2 b6 39. b5 Re4 40. Bf2 Kh7 41. h4 Kg6 42. Kf3 Kf5 43. h5 Rg4 44. h6 e4+
45. Kg2 Kg6 46. Kh3 Rg5 47. Rd2 Rh5+ 48. Kg4 Rxh6 49. Be3 Rh5 50. Bf4 Rf5
51. Bxd6 cxd6 52. Rd4 Re5 53. Rd2 Kf6 54. Rf2+ Kg6 55. Rd2 Kf6 56. Rf2+ Kg6
57. Rd2 { Game drawn by repetition } 1/2-1/2

[Event "ICC tourney 2313 (120 10)"]
[Site "Internet Chess Club"]
[Date "2021.01.17"]
[Round "3"]
[White "kevin2010"]
[Black "MatthewDiao"]
[Result "0-1"]
[ICCResult "White checkmated"]
[WhiteElo "1126"]
[BlackElo "1256"]
[Opening "Queen's pawn game"]
[ECO "D05"]
[NIC "QO.17"]
[Time "11:04:19"]
[PlyCount "76"]
[TimeControl "7200+10"]

1. d4 e6 2. Nf3 d5 3. e3 Nf6 4. Bd3 c5 5. O-O Nc6 6. c3 a6 7. Nbd2 b6 8.
Re1 Be7 9. e4 dxe4 10. Nxe4 cxd4 11. cxd4 O-O 12. Qc2 Nb4 13. Nxf6+ Kh8 14.
Qb1 Nxd3 15. Qxd3 Bxf6 16. Re4 e5 17. Nxe5 Bf5 18. Nc6 Bxe4 19. Qxe4 Re8
20. f3 Rxe4 21. Nxd8 Rxd4 22. Nc6 Rc4 23. Be3 Rxc6 24. Rb1 Re8 25. Kf2 Rc2+
26. Kf1 Rxe3 27. Rd1 Bh4 28. a3 Rd2 29. Rc1 Rf2+ 30. Kg1 h6 31. g3 Bxg3 32.
hxg3 Rfxf3 33. Rc8+ Kh7 34. Rc2 Rxg3+ 35. Kf2 Ref3+ 36. Ke1 Rg1+ 37. Ke2
Rg2+ 38. Kd1 Rf1# { White checkmated } 0-1

[Event "ICC tourney 2313 (120 10)"]
[Site "Internet Chess Club"]
[Date "2021.01.17"]
[Round "3"]
[White "logicalinsanity"]
[Black "bshesh131"]
[Result "0-1"]
[ICCResult "White checkmated"]
[WhiteElo "545"]
[BlackElo "908"]
[Opening "Queen's pawn, Mason variation"]
[ECO "D00"]
[NIC "QP.08"]
[Time "11:04:06"]
[PlyCount "70"]
[TimeControl "7200+10"]

1. d4 d5 2. Bf4 Nf6 3. e3 Nc6 4. Bd3 g6 5. c3 Bg7 6. h3 O-O 7. Nf3 Re8 8.
Ne5 Nxe5 9. Bxe5 b6 10. O-O Bb7 11. Nd2 Nd7 12. Bxg7 Kxg7 13. Qg4 f5 14.
Bxf5 e6 15. Bxe6 h5 16. Qg3 Rxe6 17. Nf3 Nf6 18. Ne5 Ne4 19. Qf3 Qf8 20.
Qe2 a5 21. Qb5 Qe8 22. Qd3 Ba6 23. c4 Rxe5 24. dxe5 Bxc4 25. Qd4 c5 26. Qd1
Bxf1 27. Kxf1 Qxe5 28. Qc2 Qh2 29. Ke2 Rf8 30. Rf1 Qxg2 31. Qd3 Nxf2 32.
Qc3+ d4 33. Qd3 Ne4+ 34. Ke1 Rxf1+ 35. Qxf1 Qd2# { White checkmated } 0-1

[Event "ICC tourney 2313 (120 10)"]
[Site "Internet Chess Club"]
[Date "2021.01.17"]
[Round "3"]
[White "aaronfeng"]
[Black "chess278"]
[Result "1/2-1/2"]
[ICCResult "Game drawn by mutual agreement"]
[WhiteElo "993"]
[BlackElo "1287"]
[Opening "Caro-Kann: advance variation"]
[ECO "B12"]
[NIC "CK.04"]
[Time "11:04:06"]
[PlyCount "69"]
[TimeControl "7200+10"]

1. e4 c6 2. d4 d5 3. e5 Bf5 4. Nf3 e6 5. Bf4 Nd7 6. Nbd2 Ne7 7. c4 Qa5 8.
a3 h6 9. b4 Qd8 10. h4 Ng6 11. Be3 Be7 12. h5 Nh4 13. c5 Bg4 14. Bf4 Bxh5
15. Bg3 Nxf3+ 16. Nxf3 Bg4 17. Be2 Nf8 18. Qd3 Ng6 19. a4 Bf5 20. Qb3 O-O
21. b5 Qa5+ 22. Nd2 Bg5 23. Rd1 Nf4 24. Bxf4 Bxf4 25. g3 Bxd2+ 26. Rxd2
Rab8 27. Kd1 cxb5 28. Qxb5 Qc3 29. Qb2 Qa5 30. Qb5 Qc3 31. Qb2 Qxb2 32.
Rxb2 a6 33. Rh4 Rfc8 34. g4 Bg6 35. Rh3 { Game drawn by mutual agreement }
1/2-1/2

[Event "ICC tourney 2313 (120 10)"]
[Site "Internet Chess Club"]
[Date "2021.01.17"]
[Round "3"]
[White "siddharthbose"]
[Black "charlesshen"]
[Result "0-1"]
[ICCResult "White checkmated"]
[WhiteElo "1232"]
[BlackElo "1262"]
[Opening "Four knights: Italian variation"]
[ECO "C47"]
[NIC "KP.06"]
[Time "11:04:06"]
[PlyCount "132"]
[TimeControl "7200+10"]

1. e4 e5 2. Nc3 Nc6 3. Nf3 Nf6 4. Bc4 Nxe4 5. Nxe4 d5 6. Bxd5 Qxd5 7. Nc3
Qd8 8. O-O Bc5 9. Re1 O-O 10. d3 Bg4 11. Be3 Bb6 12. h3 Bh5 13. Bxb6 axb6
14. Ne4 f5 15. Ng3 Bg6 16. Qd2 Qd5 17. a3 Rfd8 18. Rad1 f4 19. Ne4 Bh5 20.
c3 Bxf3 21. gxf3 Qe6 22. Kh2 Rf8 23. Rg1 Rf5 24. Qe1 Raf8 25. Qf1 Nb8 26.
Qg2 Qe7 27. Qg4 Nd7 28. Rg2 Nc5 29. Rdg1 g6 30. h4 Kh8 31. Rd1 Rh5 32. Kh3
Ne6 33. Rdg1 Ng7 34. Rh2 Nf5 35. Kg2 Rxh4 36. Rxh4 Qxh4 37. Qxh4 Nxh4+ 38.
Kf1 Rd8 39. Ke2 Nf5 40. Rh1 Nd6 41. Nf6 Kg7 42. Nxh7 Rh8 43. Re1 Rxh7 44.
Kd2 Kf6 45. d4 exd4 46. cxd4 Nf5 47. Re4 Rh2 48. Ke2 Ng3+ 49. Kd3 Nxe4 50.
Kxe4 Rxf2 51. Kxf4 Rxb2 52. Ke4 Rb3 53. a4 Ra3 54. a5 Rxa5 55. d5 Ra4+ 56.
Ke3 Ke5 57. f4+ Rxf4 58. d6 cxd6 59. Ke2 g5 60. Kd1 g4 61. Kc1 g3 62. Kb2
Rf3 63. Ka2 g2 64. Kb2 g1=Q 65. Ka2 Qg2+ 66. Ka1 Rf1# { White checkmated }
0-1

[Event "ICC tourney 2313 (120 10)"]
[Site "Internet Chess Club"]
[Date "2021.01.17"]
[Round "3"]
[White "traycon"]
[Black "rileygordon"]
[Result "0-1"]
[ICCResult "White resigns"]
[WhiteElo "853"]
[BlackElo "1328"]
[Opening "Dutch with c4 & Nc3"]
[ECO "A87"]
[NIC "HD.05"]
[Time "11:04:07"]
[PlyCount "86"]
[TimeControl "7200+10"]

1. c4 f5 2. d4 Nf6 3. Nc3 g6 4. g3 Bg7 5. Bg2 d6 6. Nf3 O-O 7. O-O Qe8 8.
d5 e5 9. dxe6 Nc6 10. Nd5 Qd8 11. Ng5 Nxd5 12. Bxd5 Qe7 13. Rb1 h6 14. Nh3
g5 15. b3 Bxe6 16. Bxe6+ Qxe6 17. f3 f4 18. Nf2 fxg3 19. hxg3 Rae8 20. Qd5
Qxd5 21. cxd5 Nd4 22. Ne4 Nxe2+ 23. Kf2 Rxe4 24. Be3 Nd4 25. f4 Rfe8 26.
Bxd4 Bxd4+ 27. Kf3 Re3+ 28. Kg4 gxf4 29. gxf4 Kh7 30. Kh4 Rg8 31. Rh1 Rf3
32. Rbf1 Bf2+ 33. Rxf2 Rxf2 34. f5 Rf4+ 35. Kh3 Rxf5 36. Kh4 Rxd5 37. Rf1
Rd2 38. Rf7+ Rg7 39. Rf3 Rh2+ 40. Rh3 Rxh3+ 41. Kxh3 Kg6 42. Kg3 Kf5+ 43.
Kf3 h5 { White resigns } 0-1

[Event "ICC tourney 2313 (120 10)"]
[Site "Internet Chess Club"]
[Date "2021.01.17"]
[Round "3"]
[White "DrBryanJ"]
[Black "dwonf"]
[Result "1-0"]
[ICCResult "Black checkmated"]
[WhiteElo "1261"]
[BlackElo "1347"]
[Opening "Queen's pawn game"]
[ECO "D02"]
[NIC "QP.08"]
[Time "11:04:14"]
[PlyCount "109"]
[TimeControl "7200+10"]

1. d4 d5 2. Nf3 Bf5 3. Bf4 Nc6 4. e3 a6 5. c4 Nf6 6. Nc3 e6 7. Bd3 Bg6 8.
cxd5 Nxd5 9. Nxd5 Qxd5 10. O-O Be7 11. Bxc7 O-O 12. Ne5 Nxe5 13. Bxe5 b5
14. Be2 Rac8 15. a4 f6 16. Bg3 Bc2 17. Bf3 Qb3 18. Qe2 Bd3 19. Qd1 Bc2 20.
Qe2 bxa4 21. Rfc1 Bd3 22. Qd1 Rc2 23. Bc6 Rxc1 24. Rxc1 Qxb2 25. Bd7 a3 26.
Bxe6+ Kh8 27. Rc7 Be2 28. Qc2 Qa1+ 29. Qc1 Qxc1+ 30. Rxc1 Bb4 31. d5 g6 32.
d6 Rd8 33. d7 Ba5 34. Bc7 Bxc7 35. Rxc7 Kg7 36. Rc8 a2 37. Bxa2 Rxd7 38. f3
Ra7 39. Rg8+ Kh6 40. Kf2 Bb5 41. Rf8 f5 42. e4 Re7 43. Rf7 Re5 44. Bb1 fxe4
45. fxe4 a5 46. Kf3 a4 47. Kf4 Rc5 48. e5 Rc1 49. Be4 Rf1+ 50. Bf3 a3 51.
Ra7 Ra1 52. h4 a2 53. g4 g5+ 54. hxg5+ Kg6 55. Be4# { Black checkmated }
1-0

[Event "ICC tourney 2313 (120 10)"]
[Site "Internet Chess Club"]
[Date "2021.01.17"]
[Round "4"]
[White "maanavshah2005"]
[Black "charmingraven"]
[Result "0-1"]
[ICCResult "White resigns"]
[WhiteElo "180"]
[BlackElo "926"]
[Opening "Four knights: Scotch, 4...exd4"]
[ECO "C47"]
[NIC "KP.06"]
[Time "16:16:32"]
[PlyCount "41"]
[TimeControl "7200+10"]

1. e4 e5 2. Nf3 Nc6 3. Nc3 Nf6 4. d4 exd4 5. Nxd4 Bc5 6. Nxc6 bxc6 7. Qe2
O-O 8. e5 Re8 9. f4 d6 10. Qf3 dxe5 11. Qxc6 exf4+ 12. Be2 Bb6 13. Qxa8 Qd7
14. Qf3 Ba6 15. Bxf4 Bxe2 16. Nxe2 Qb5 17. b3 Bd4 18. Rd1 Bc3+ 19. Kf1 Nh5
20. Qxc3 Qxe2+ 21. Kg1 { White resigns } 0-1

[Event "ICC tourney 2313 (120 10)"]
[Site "Internet Chess Club"]
[Date "2021.01.17"]
[Round "4"]
[White "VirginiaGuy"]
[Black "chessadpa"]
[Result "1/2-1/2"]
[ICCResult "Game drawn by mutual agreement"]
[WhiteElo "1298"]
[BlackElo "1179"]
[Opening "Queen's pawn game"]
[ECO "D02"]
[NIC "QP.08"]
[Time "16:16:42"]
[PlyCount "50"]
[TimeControl "7200+10"]

1. d4 d5 2. Nf3 g6 3. Bf4 Bg7 4. e3 c5 5. c3 cxd4 6. exd4 Nc6 7. Bd3 Nf6 8.
h3 Qb6 9. Qc2 Nh5 10. Bh2 Nf6 11. Nbd2 e6 12. O-O Ne7 13. Ne5 Nd7 14. Nef3
Ng8 15. Rab1 Ngf6 16. Rfe1 O-O 17. Ne5 Nxe5 18. Bxe5 Ne8 19. Bh2 Bd7 20.
Nf3 Rc8 21. Qe2 Bc6 22. Ne5 Bxe5 23. Bxe5 f6 24. Bh2 Bd7 25. Qd2 Rf7 { Game
drawn by mutual agreement } 1/2-1/2

[Event "ICC tourney 2313 (120 10)"]
[Site "Internet Chess Club"]
[Date "2021.01.17"]
[Round "4"]
[White "tcquinlan"]
[Black "drquinzel"]
[Result "0-1"]
[ICCResult "White resigns"]
[WhiteElo "1060"]
[BlackElo "648"]
[Opening "King's pawn game"]
[ECO "C50"]
[NIC "IG.03"]
[Time "16:16:34"]
[PlyCount "84"]
[TimeControl "7200+10"]

1. e4 e5 2. Nf3 Nc6 3. Bc4 Nd4 4. c3 Nxf3+ 5. Qxf3 Nf6 6. d4 exd4 7. cxd4
Bb4+ 8. Nc3 O-O 9. a3 Bxc3+ 10. bxc3 Qe7 11. e5 Ne8 12. O-O d6 13. Re1 dxe5
14. Rxe5 Be6 15. Bxe6 fxe6 16. Qxb7 Nd6 17. Qb3 Rab8 18. Qa2 Nb5 19. Rxe6
Qf7 20. Re3 Qxa2 21. Rxa2 Rbe8 22. Rxe8 Rxe8 23. Bd2 Re2 24. c4 Nxd4 25.
Kf1 Re4 26. Be3 Nf5 27. Bxa7 Rxc4 28. a4 Nd4 29. g3 Nc6 30. Be3 Nb4 31. Rb2
Nd3 32. Rb8+ Kf7 33. a5 Ra4 34. Bd2 Ra1+ 35. Kg2 Ra2 36. Bc3 Rxf2+ 37. Kh3
Rc2 38. a6 Nf2+ 39. Kh4 Rxc3 40. a7 Rc4+ 41. g4 Rxg4+ 42. Kh5 g6+ { White
resigns } 0-1

[Event "ICC tourney 2313 (120 10)"]
[Site "Internet Chess Club"]
[Date "2021.01.17"]
[Round "4"]
[White "SMILERG"]
[Black "SPBrain"]
[Result "1-0"]
[ICCResult "Black checkmated"]
[WhiteElo "1247"]
[BlackElo "1342"]
[Opening "Queen's bishop game"]
[ECO "D02"]
[NIC "QP.08"]
[Time "16:16:25"]
[PlyCount "101"]
[TimeControl "7200+10"]

1. d4 d5 2. Nf3 Nf6 3. Bf4 e6 4. e3 c5 5. c3 Nc6 6. Bd3 Be7 7. Nbd2 c4 8.
Bc2 h6 9. Qe2 O-O 10. O-O Bd7 11. e4 dxe4 12. Nxe4 Nxe4 13. Bxe4 f5 14.
Bxc6 Bxc6 15. Qxe6+ Kh8 16. Ne5 Bd5 17. Ng6+ Kh7 18. Nxf8+ Bxf8 19. Qxf5+
Kh8 20. Rfe1 Bc6 21. Re3 Qb6 22. Rb1 a5 23. d5 Ba4 24. Be5 Bc5 25. Rg3 Rg8
26. Qf7 Bf8 27. Rh3 Bc2 28. Rc1 Bh7 29. b3 cxb3 30. axb3 a4 31. bxa4 Qb2
32. Rf1 Qd2 33. Bd4 Bd3 34. Ra1 Ba3 35. Rg3 Bf8 36. h3 Kh7 37. d6 Qe2 38.
d7 Qe7 39. Qxe7 Bxe7 40. Rxd3 Rd8 41. Bb6 Rf8 42. Rad1 Bd8 43. Bxd8 Rxd8
44. Re3 Kg6 45. Re8 Kf6 46. Rxd8 Ke7 47. Rc8 Kf7 48. d8=Q Kg6 49. Rd6+ Kf5
50. Rc5+ Kf4 51. Qh4# { Black checkmated } 1-0

[Event "ICC tourney 2313 (120 10)"]
[Site "Internet Chess Club"]
[Date "2021.01.17"]
[Round "4"]
[White "greatodda"]
[Black "cappyal"]
[Result "1/2-1/2"]
[ICCResult "Game drawn by the 50 move rule"]
[WhiteElo "1022"]
[BlackElo "624"]
[Opening "Ruy Lopez: 5.O-O"]
[ECO "C78"]
[NIC "RL.12"]
[Time "16:16:23"]
[PlyCount "239"]
[TimeControl "7200+10"]

1. e4 e5 2. Nf3 Nc6 3. Bb5 a6 4. Ba4 Nf6 5. O-O b6 6. d4 exd4 7. Nxd4 Nxd4
8. Qxd4 Bc5 9. Qd1 O-O 10. e5 Ne8 11. Nc3 d6 12. Bb3 Bf5 13. Na4 dxe5 14.
Nxc5 bxc5 15. Be3 Qd6 16. Qd5 Rb8 17. Bxc5 Qxd5 18. Bxd5 Nd6 19. Bb3 Rfe8
20. Rad1 Red8 21. f3 Nb7 22. Ba3 Rxd1 23. Rxd1 Rd8 24. Rxd8+ Nxd8 25. Kf2
h6 26. g4 Bg6 27. h4 h5 28. g5 Kh7 29. Be7 Nc6 30. Bc5 f6 31. gxf6 gxf6 32.
Ke3 Na5 33. Be7 Nxb3 34. cxb3 Kg7 35. f4 Kf7 36. Bd8 c6 37. fxe5 fxe5 38.
Bg5 Ke6 39. Kd2 Kf5 40. Ke3 Kg4 41. a4 e4 42. b4 Kf5 43. b5 cxb5 44. axb5
axb5 45. b4 Ke5 46. Bf4+ Kd5 47. Bg5 Kc4 48. Be7 Kc3 49. Bc5 Bf5 50. Kf4
Bg4 51. Kxe4 Kc4 52. Ke5 Kd3 53. Kd6 Be2 54. Kd5 Kd2 55. Kd4 Ke1 56. Ke3
Kf1 57. Kf4 Kg2 58. Ke3 Bg4 59. Be7 Kg3 60. Kd3 Kf4 61. Kd4 Bd7 62. Kc5 Be8
63. Kd6 Kf5 64. Bg5 Ke4 65. Ke6 Kd4 66. Be7 Ke4 67. Kd6 Kf5 68. Kc7 Ke6 69.
Bc5 Kf5 70. Kd8 Bc6 71. Kc7 Be8 72. Be7 Ke6 73. Kd8 Kf7 74. Bg5 Bc6 75. Kc7
Be8 76. Kd6 Kg6 77. Ke7 Bf7 78. Bf6 Bc4 79. Bg5 Kg7 80. Kd6 Kg6 81. Ke5 Be2
82. Ke4 Bg4 83. Kf4 Kg7 84. Ke5 Kg6 85. Be7 Kf7 86. Bc5 Kg6 87. Kf4 Kf6 88.
Bd4+ Ke6 89. Bg7 Kd5 90. Kg5 Kc4 91. Bf8 Kd5 92. Bc5 Kc4 93. Kf6 Kd5 94.
Ke7 Kc6 95. Kd8 Kd5 96. Kc7 Be2 97. Kd7 Ke5 98. Kc6 Kf4 99. Bd6+ Kg4 100.
Be7 Kf4 101. Kd6 Kg4 102. Ke6 Kf4 103. Kf7 Kg4 104. Kg7 Kf4 105. Kg6 Kg4
106. Bg5 Kh3 107. Kf5 Kg2 108. Kf4 Kf1 109. Be7 Kg2 110. Bd6 Kf1 111. Ke3
Bd1 112. Kd2 Bg4 113. Kc3 Kg2 114. Be7 Be2 115. Kd2 Bc4 116. Ke3 Kg3 117.
Bg5 Kg4 118. Ke4 Kh3 119. Kf4 Be2 120. Bf6 { Game drawn by the 50 move rule
} 1/2-1/2

[Event "ICC tourney 2313 (120 10)"]
[Site "Internet Chess Club"]
[Date "2021.01.17"]
[Round "4"]
[White "grantwey"]
[Black "elyfeldman01"]
[Result "0-1"]
[ICCResult "White checkmated"]
[WhiteElo "429"]
[BlackElo "1020"]
[Opening "French defense"]
[ECO "A04"]
[NIC "QP.11"]
[Time "16:17:17"]
[PlyCount "82"]
[TimeControl "7200+10"]

1. Nf3 e6 2. e4 d5 3. e5 c5 4. c4 d4 5. d3 Nc6 6. Bg5 Qc7 7. Be2 Nxe5 8.
O-O f6 9. Bf4 Nxf3+ 10. Bxf3 Qxf4 11. Qa4+ Bd7 12. Qb3 Bd6 13. Re1 Qxh2+
14. Kf1 Ne7 15. Ke2 O-O 16. g3 Bxg3 17. Rf1 Bc6 18. Bxc6 bxc6 19. Nd2 Rab8
20. Qc2 Qh5+ 21. Nf3 Be5 22. Rh1 Qf5 23. Rh4 Ng6 24. Rhh1 Nf4+ 25. Kd2 Nxd3
26. Rab1 Qxf3 27. Qxd3 Qxd3+ 28. Kxd3 g5 29. Rh3 Bf4 30. Rbh1 Rf7 31. b3
Kf8 32. Rxh7 Rxh7 33. Rxh7 Kg8 34. Rxa7 g4 35. Re7 e5 36. Rc7 Ra8 37. Rxc6
Kg7 38. Rxc5 Rxa2 39. Rc7+ Kg6 40. Rc8 Kf5 41. b4 Rd2# { White checkmated }
0-1

[Event "ICC tourney 2313 (120 10)"]
[Site "Internet Chess Club"]
[Date "2021.01.17"]
[Round "4"]
[White "bshesh131"]
[Black "MichaelLiu"]
[Result "1-0"]
[ICCResult "Black checkmated"]
[WhiteElo "908"]
[BlackElo "1164"]
[Opening "English opening"]
[ECO "A13"]
[NIC "TD.06"]
[Time "16:16:29"]
[PlyCount "47"]
[TimeControl "7200+10"]

1. c4 e6 2. e3 c5 3. Nf3 d5 4. cxd5 exd5 5. d4 Nc6 6. Nc3 Nf6 7. g3 Bg4 8.
Bg2 Ne4 9. h3 Bh5 10. Qb3 Nxc3 11. bxc3 b6 12. Ne5 Nxe5 13. dxe5 Rc8 14. f4
f6 15. e6 Ke7 16. Bxd5 c4 17. Ba3+ Rc5 18. Bxc5+ bxc5 19. Qb7+ Kd6 20. Qc6+
Ke7 21. Rb1 f5 22. Rb7+ Kf6 23. e7+ Qd6 24. Qxd6# { Black checkmated } 1-0

[Event "ICC tourney 2313 (120 10)"]
[Site "Internet Chess Club"]
[Date "2021.01.17"]
[Round "4"]
[White "charlesshen"]
[Black "vihaan2011"]
[Result "1-0"]
[ICCResult "Black checkmated"]
[WhiteElo "1262"]
[BlackElo "1307"]
[Opening "Two knights defense"]
[ECO "C58"]
[NIC "KP.01"]
[Time "16:16:24"]
[PlyCount "121"]
[TimeControl "7200+10"]

1. e4 e5 2. Nf3 Nc6 3. Bc4 Nf6 4. Ng5 d5 5. exd5 Na5 6. Bb5+ c6 7. dxc6
bxc6 8. Bd3 Nd5 9. Ne4 f5 10. Ng3 Nf4 11. Bf1 Bc5 12. d3 e4 13. Bxf4 g5 14.
Qh5+ Kf8 15. Bxg5 Qd4 16. Be3 Qxb2 17. Bxc5+ Kg7 18. Qg5+ Kf7 19. Qe7+ Kg6
20. Qd6+ Kf7 21. Qd4 Qc1+ 22. Ke2 exd3+ 23. Qxd3 Re8+ 24. Be3 Qb2 25. Qc3
Qb5+ 26. Ke1 Qd5 27. Na3 Be6 28. Rd1 Qxa2 29. Qxa5 f4 30. Qh5+ Kf8 31. Qh6+
Kg8 32. Qxf4 Qxa3 33. Bd3 Qc3+ 34. Kf1 Rad8 35. Qg5+ Kh8 36. Qh6 Bg8 37.
Bg5 Re6 38. Qxe6 Bxe6 39. Bxd8 Qd4 40. Bg5 a5 41. Ne4 Kg8 42. Nf6+ Kh8 43.
Nxh7 Kg8 44. Nf6+ Kf8 45. Ne4 c5 46. Be3 Qd8 47. Bxc5+ Kg8 48. f3 a4 49.
Kf2 Qh4+ 50. g3 Qh6 51. Be3 Qf8 52. Ra1 Bg4 53. Bc4+ Kh8 54. Bd4+ Kh7 55.
Nf6+ Kg7 56. Nd7+ Kh7 57. Nxf8+ Kh6 58. fxg4 a3 59. Rxa3 Kg5 60. Ra5+ Kxg4
61. h3# { Black checkmated } 1-0

[Event "ICC tourney 2313 (120 10)"]
[Site "Internet Chess Club"]
[Date "2021.01.17"]
[Round "4"]
[White "MatthewDiao"]
[Black "ivo20"]
[Result "0-1"]
[ICCResult "White checkmated"]
[WhiteElo "1256"]
[BlackElo "1381"]
[Opening "Queen's pawn: Franco-Indian (Keres) defense"]
[ECO "A40"]
[NIC "QO.17"]
[Time "16:16:27"]
[PlyCount "82"]
[TimeControl "7200+10"]

1. d4 e6 2. c4 Bb4+ 3. Nc3 c6 4. e3 Nf6 5. a3 Bxc3+ 6. bxc3 d5 7. cxd5 exd5
8. Nf3 O-O 9. Bd3 Bg4 10. h3 Bxf3 11. Qxf3 Nbd7 12. O-O Re8 13. Bb2 Ne4 14.
Rfd1 Qh4 15. Bxe4 Rxe4 16. Kh2 Rae8 17. Rd3 Nf6 18. a4 Ng4+ 19. Kg1 Nf6 20.
Ba3 h6 21. Bd6 R4e6 22. Be5 Ne4 23. Qe2 f6 24. Bh2 Qg5 25. Bf4 Qg6 26. Re1
Ng5 27. Kh2 Ne4 28. f3 Ng5 29. g4 Nxf3+ 30. Qxf3 Qxd3 31. h4 g5 32. hxg5
hxg5 33. Bg3 Rxe3 34. Rxe3 Rxe3 35. Qg2 Qxc3 36. Bf2 Re4 37. Bg1 Qe1 38.
Bf2 Qe2 39. Kh1 Rxg4 40. Qh2 Qf3+ 41. Qg2 Qxg2# { White checkmated } 0-1

[Event "ICC tourney 2313 (120 10)"]
[Site "Internet Chess Club"]
[Date "2021.01.17"]
[Round "4"]
[White "dwonf"]
[Black "andrewhhu"]
[Result "1-0"]
[ICCResult "Black checkmated"]
[WhiteElo "1347"]
[BlackElo "965"]
[Opening "Queen's gambit declined"]
[ECO "D30"]
[NIC "QP.08"]
[Time "16:16:51"]
[PlyCount "163"]
[TimeControl "7200+10"]

1. d4 d5 2. c4 e6 3. e3 Nf6 4. a3 c5 5. Nf3 Nc6 6. Be2 Be7 7. O-O O-O 8.
Ne5 Qc7 9. f4 b6 10. Nc3 Bb7 11. cxd5 exd5 12. Bf3 Rad8 13. Nb5 Qc8 14.
Nxc6 Qxc6 15. Nxa7 Qd7 16. a4 Ba6 17. Nb5 Bxb5 18. axb5 Qxb5 19. Be2 Qc6
20. b3 Rfe8 21. Bb2 h6 22. Qd3 cxd4 23. Bxd4 Bc5 24. Rfc1 Qd6 25. Ra6 Bxd4
26. Qxd4 Qe7 27. Rxb6 Qxe3+ 28. Qxe3 Rxe3 29. Bf3 d4 30. Kf2 Ne4+ 31. Bxe4
Rxe4 32. g3 d3 33. Rd1 d2 34. Ra6 f5 35. Ra2 Rb4 36. Rb2 Kf7 37. Ke3 Re4+
38. Kf2 Rb4 39. Ke3 Re4+ 40. Kf2 g5 41. fxg5 hxg5 42. Rdxd2 Rb8 43. Rd1 f4
44. gxf4 Rxf4+ 45. Kg3 Kg6 46. Rdb1 Kh5 47. h3 Rbb4 48. Rc2 Kh6 49. Rf2
Rfd4 50. Kg2 Kh5 51. Rbb2 Kh4 52. Rf7 Kh5 53. Rf5 Kh4 54. Rf7 Kh5 55. Rf8
Rd5 56. Rc8 Rd3 57. Rh8+ Kg6 58. Rg8+ Kf6 59. Rf2+ Ke7 60. Rxg5 Rbxb3 61.
h4 Rd6 62. Rg7+ Ke6 63. Rg6+ Ke5 64. Rxd6 Kxd6 65. h5 Rb7 66. Kh3 Ke6 67.
Kh4 Rh7 68. Kg5 Rh8 69. Kg6 Ke5 70. h6 Rxh6+ 71. Kxh6 Ke4 72. Kg5 Ke3 73.
Rf4 Ke2 74. Kf5 Ke1 75. Rf3 Ke2 76. Ke4 Ke1 77. Ke3 Kd1 78. Rf2 Kc1 79. Kd3
Kb1 80. Kc3 Ka1 81. Kb3 Kb1 82. Rf1# { Black checkmated } 1-0

[Event "ICC tourney 2313 (120 10)"]
[Site "Internet Chess Club"]
[Date "2021.01.17"]
[Round "4"]
[White "itg"]
[Black "chessrdu20"]
[Result "0-1"]
[ICCResult "White resigns"]
[WhiteElo "881"]
[BlackElo "1137"]
[Opening "Giuoco Pianissimo: Italian four knights variation"]
[ECO "C50"]
[NIC "IG.02"]
[Time "16:16:25"]
[PlyCount "92"]
[TimeControl "7200+10"]

1. e4 e5 2. Nf3 Nc6 3. Bc4 Bc5 4. Nc3 Nf6 5. d3 h6 6. O-O O-O 7. Be3 Bb6 8.
Qd2 Bxe3 9. fxe3 Re8 10. Nd5 d6 11. Nxf6+ Qxf6 12. Nxe5 Qxe5 13. Bxf7+ Kh8
14. Bxe8 Qxe8 15. Rf4 Bd7 16. Raf1 Qe6 17. Qf2 Qg6 18. Rf8+ Rxf8 19. Qxf8+
Kh7 20. Qf7 Ne5 21. Qxg6+ Kxg6 22. d4 Nc4 23. Rf3 Nxb2 24. Rg3+ Kf7 25.
Rf3+ Kg8 26. Kf2 Nc4 27. Kg3 Ba4 28. c3 Bc2 29. Kf4 Bb1 30. Rf1 Bxa2 31.
Ra1 Bb3 32. Rxa7 Bc2 33. Rxb7 g5+ 34. Kf3 Nd2+ 35. Kg4 Bxe4 36. Rxc7 Bxg2
37. Kh5 Kf8 38. Kxh6 g4 39. Rg7 Bf3 40. Rh7 d5 41. Kg6 Be4+ 42. Kh6 Bxh7
43. Kxh7 Nf1 44. Kg6 Nxh2 45. Kf5 g3 46. Kf4 g2 { White resigns } 0-1

[Event "ICC tourney 2313 (120 10)"]
[Site "Internet Chess Club"]
[Date "2021.01.17"]
[Round "4"]
[White "chessbud"]
[Black "aaronfeng"]
[Result "0-1"]
[ICCResult "White checkmated"]
[WhiteElo "1251"]
[BlackElo "993"]
[Opening "Queen's pawn, Mason variation"]
[ECO "D00"]
[NIC "QP.08"]
[Time "16:16:30"]
[PlyCount "112"]
[TimeControl "7200+10"]

1. d4 d5 2. Bf4 Bf5 3. Nf3 Nf6 4. e3 e6 5. c4 c5 6. Nc3 Nc6 7. Qb3 Qb6 8.
Na4 Qxb3 9. axb3 cxd4 10. exd4 Bc2 11. cxd5 Nxd5 12. Bd2 Bxb3 13. Nc3 Bb4
14. Be2 Rb8 15. O-O Bc2 16. Rfc1 Bf5 17. Nxd5 exd5 18. Bb5 Bxd2 19. Nxd2
O-O 20. Nf3 Rfc8 21. Rc5 a6 22. Bc4 Nxd4 23. Rxd5 Nxf3+ 24. gxf3 Be6 25.
Ra4 Bxd5 26. Bxd5 Rc2 27. Re4 Rxb2 28. Re7 Rf8 29. Bxb7 a5 30. Bd5 Rd2 31.
Bb3 Rd3 32. Re3 Rxe3 33. fxe3 Rb8 34. Bd5 a4 35. Kf1 a3 36. e4 Rb2 37. f4
a2 38. Bxa2 Rxa2 39. h4 Rh2 40. Kg1 Rxh4 41. Kf2 Rxf4+ 42. Ke3 Rh4 43. e5
g5 44. e6 fxe6 45. Kf3 e5 46. Kg3 h5 47. Kf3 e4+ 48. Kg3 Rg4+ 49. Kf2 h4
50. Ke3 h3 51. Kf2 h2 52. Ke3 h1=Q 53. Kf2 Qf3+ 54. Ke1 Rg1+ 55. Kd2 Rg2+
56. Ke1 Qe2# { White checkmated } 0-1